 Dungeon Crawl Stone Soup version 0.32-a0-953-g508020473e (webtiles) character file.

Game seed: 14611577721337048632

313 Heh the Chopper (level 6, 51/51 HPs)
             Began as a Mountain Dwarf Fighter on Apr 15, 2024.
             Quit the game on level 3 of the Dungeon on Apr 17, 2024.
             The game lasted 00:07:01 (1585 turns).

Heh the Chopper (Mountain Dwarf Fighter)            Turns: 1585, Time: 00:07:02

Health: 51/51      AC:  6    Str: 19    XL:     6   Next: 19%
Magic:  6/6        EV:  8    Int: 10    God:
Gold:   81         SH:  4    Dex:  9    Spells: 5/5 levels left

rFire   . . .        a - +0 war axe
rCold   + . .        c - +0 buckler
rNeg    . . .        b - +0 scale mail
rPois   .            (no helmet)
rElec   .            (no cloak)
rCorr   .            (no gloves)
SInv    .            (no boots)
Will    .....        f - amulet of regeneration Stlth
                     e - ring of protection from cold
HPRegen 1.08/turn    (no ring)
MPRegen 0.10/turn

%: no passive effects
@: no status effects
A: runic magic, artefact enchanting
a: no special abilities


You were on level 3 of the Dungeon.
You visited 1 branch of the dungeon, and saw 3 of its levels.

You collected 81 gold pieces.

Inventory:

Hand Weapons
 a - a +0 war axe (weapon)
Armour
 b - a +0 scale mail (worn)
 c - a +0 buckler (worn)
Jewellery
 e - a ring of protection from cold (left hand)
 f - an amulet of regeneration (around neck)
 g - a ring of willpower
Scrolls
 i - a scroll of amnesia {unknown}
 j - 2 scrolls of identify {unknown}
Potions
 d - 3 potions of might
 h - a potion of curing {unknown}
 k - a potion of brilliance {unknown}


   Skills:
 + Level 3.6 Fighting
 + Level 7.5 Axes
 - Level 3.4 Armour
 - Level 3.5 Shields


You had 5 spell levels left.
You didn't know any spells.
Your spell library contained the following spells:

 Spells                   Type           Power      Damage    Failure   Level
 Summon Forest            Summ/Tloc      0%         N/A       100%        5
 Summon Mana Viper        Hex/Summ       0%         N/A       100%        5
 Summon Cactus Giant      Summ           0%         N/A       100%        6


Dungeon Overview and Level Annotations

Branches:
Dungeon (3/15)

Altars:
Trog

Shops:
D:1 (


Innate Abilities, Weirdness & Mutations

Your spellcasting is much less encumbered by armour.
You can use scrolls of enchantment on lesser artefacts.


Message History

You are frozen.
You resist.
You barely miss the endoplasm. The endoplasm freezes you.
You are frozen.
You resist.
You slash the endoplasm!
You kill the endoplasm!
No target in view!
No target in view!
No target in view!
No target in view!
No target in view!
No target in view!
No target in view!
No target in view!
Found an escape hatch in the floor.
Found a stone staircase leading down.
There is an escape hatch in the floor here.
You now have 81 gold pieces (gained 9).
Found a leather armour.
No target in view!
No target in view!
There is a stone staircase leading down here.
There is a stone staircase leading down here.
Found a ring mail.
An adder comes into view.
The adder hisses angrily.
An adder is nearby!
The adder barely misses you.
You barely miss the adder. The adder misses you. The adder barely misses you.
You hit the adder.
The adder is lightly wounded.
The adder bites you but does no damage.
You slash the adder!
You kill the adder!
No target in view!
No target in view!
No target in view!
Welcome back, Heh the Mountain Dwarf Fighter.
Press ? for a list of commands and other information.
Are you sure you want to abandon this character and quit the game? (Confirm with "yes".)

# . #. <#.
#.## #..
...### #..
#####...# #..
........#
####### #..
#†# ........
.... #@#
#.^...... . #.
#.###........
#.
#...#........
#.
#.#..........
#.
#.##.........
#.
#.##.#...### #
#.##...#.# #
#.###....# #
#.#
##.###########


There were no monsters in sight!

Vanquished Creatures
  Sigmund (D:2)
  Natasha (thrice) (D:2)
  5 adders
  2 ribbon worms (D:2)
  3 ball pythons (D:1)
  3 endoplasms
  A giant cockroach (D:1)
  3 goblins
  3 hobgoblins (D:1)
  A kobold (D:1)
  A quokka (D:1)
  9 bats
  3 rats
38 creatures vanquished.

Notes
Turn   | Place    | Note
-------+----------+-------------------------------------------
     0 | D:1      | Heh the Mountain Dwarf Fighter began the quest for the Orb.
     0 | D:1      | Reached XP level 1. HP: 19/19 MP: 1/1
   126 | D:1      | Reached XP level 2. HP: 26/26 MP: 2/2
   159 | D:1      | Upgraded the game from 0.32-a0-933-ga8fa3634e4 to
                  | 0.32-a0-938-g40ac7a0f4d
   205 | D:1      | Found Zuiseessa's Antique Weapon Shop.
   226 | D:1      | Reached skill level 3 in Axes
   482 | D:2      | Noticed Natasha
   492 | D:2      | Killed Natasha
   493 | D:2      | Reached skill level 4 in Axes
   493 | D:2      | Reached XP level 3. HP: 26/31 MP: 3/3
   685 | D:2      | Noticed Natasha
   696 | D:2      | Killed Natasha
   697 | D:2      | Reached skill level 5 in Axes
   697 | D:2      | Reached XP level 4. HP: 18/38 MP: 4/4
  1034 | D:2      | Noticed Natasha
  1038 | D:2      | Killed Natasha
  1419 | D:2      | Noticed Sigmund
  1426 | D:2      | Killed Sigmund
  1427 | D:2      | Reached skill level 7 in Axes
  1427 | D:2      | Reached XP level 5. HP: 30/45 MP: 5/5
  1427 | D:2      | Reached XP level 6. HP: 34/51 MP: 6/6
  1506 | D:3      | Found a bloodstained altar of Trog.
  1585 | D:3      | Upgraded the game from 0.32-a0-938-g40ac7a0f4d to
                  | 0.32-a0-953-g508020473e
  1585 | D:3      | Quit the game

Illustrated notes

Levels and vault maps discovered:
D:1:      psy_arrival_heroes, layout_rooms, serial_shops, nicolae_shop_trees,
          st_stairs_10
D:2:      layout_basic, uniq_sigmund, uniq_natasha
D:3:      layout_basic, nicolae_vehumet_altar_sigil, trog_book,
          uniq_crazy_yiuf_cottage

Skill      XL: |  1  2  3  4 |
---------------+-------------+-----
Axes           | 4 5 7 |  7.5
Fighting       | |  3.6
Armour         | |  3.4
Shields        | |  3.5

Action                     |  1- 3 |  4- 6 || total
---------------------------+-------+-------++-------
  Melee: War axe           |    94 |    64 ||   158
 Armour: Scale mail        |   103 |    38 ||   141
  Dodge: Dodged            |    65 |    26 ||    91
  Block: Buckler           |    23 |    18 ||    41

Table legend: (Time is in decaauts)
 A = Elapsed time spent in this place.
 B = Non-inter-level travel time spent in this place.
 C = Inter-level travel time spent in this place.
 D = Time resting spent in this place.
 E = Time spent auto-exploring this place.
 F = Levels seen in this place.
 G = Mean time per level.
                   A        B        C        D        E       F      G
               +--------+--------+--------+--------+--------+-----+--------+
         Total |   1647 |   1584 |     63 |      0 |   1189 |   3 |  549.0 |
       Dungeon |   1647 |   1584 |     63 |      0 |   1189 |   3 |  549.0 |
               +--------+--------+--------+--------+--------+-----+--------+

Top non-repeatable levels by time:
     D:2: 1045 daAuts
     D:1: 500 daAuts
     D:3: 102 daAuts
